AoeStats
← gingersurprise69

Pilgrims

509460243Analyzed
3v3 RM · 5d ago on Sep 26, 2026· 43m 35s· 6 players
Game mode
Random Map
Map size
Normal (6 player)
Population
200
Speed
Normal
Resources
Standard
Victory
Conquest
Starting age
Dark Age
Ending age
Imperial Age
RankedLock teamsTeams togetherTeam positionsShared explorationLock speedFull tech treeHidden civsTurbo modeCheats
Victory
Defeat
🇩🇪 Vietnamese · Germany
1158
+14
🇩🇪 Persians · Germany
1140
+15
🇩🇪 Vikings · Germany
1120
+15
🇺🇸 Ethiopians · United States
1123
-15
🇨🇦 Varangians · Canada
1121
-15
🇨🇦 Danes · Canada
1101
-14
radnark
10:12 Loom
12:09 Feudal Age
15:15 Forging
17:16 Castle Age
15:59 Bloodlines
28:16 Light Cavalry
29:30 Double-Bit Axe
32:44 Town Watch
33:35 Wheelbarrow
34:47 Fletching
39:56 Bodkin Arrow
Rimbo
3:41 Loom
11:25 Feudal Age
12:13 Double-Bit Axe
20:55 Fletching
21:05 Padded Archer Armor
24:38 Castle Age
23:03 Horse Collar
24:43 Crossbowman
25:29 Thumb Ring
27:55 Gold Mining
28:44 Wheelbarrow
33:13 Bodkin Arrow
34:38 Leather Archer Armor
41:03 Ballistics
43:17 Imperial Age
41:07 Hand Cart
gingersurprise69
6:08 Loom
11:16 Feudal Age
17:33 Castle Age
15:55 Fletching
16:06 Padded Archer Armor
16:12 Scale Mail Armor
15:56 Horse Collar
17:42 Arson
20:45 Double-Bit Axe
25:31 Bodkin Arrow
25:03 Pikeman
26:14 Squires
29:18 Forging
29:23 Chain Mail Armor
30:49 Elite Skirmisher
35:08 Wheelbarrow
36:48 Hand Cart
37:38 Heavy Plow
42:20 Imperial Age
39:59 Gambesons
42:32 Halberdier
43:03 Elite Varangian Guard
Icedragon1801
4:44 Loom
12:25 Feudal Age
12:56 Double-Bit Axe
12:59 Horse Collar
17:50 Town Watch
27:27 Castle Age
27:46 Fletching
28:14 Thumb Ring
27:29 Crossbowman
28:15 Padded Archer Armor
28:24 Bodkin Arrow
30:43 Bow Saw
32:35 Leather Archer Armor
36:54 Wheelbarrow
38:38 Ballistics
43:55 Hand Cart
46:20 Imperial Age
44:11 Hand Cart
Bobby_zz
5:16 Loom
11:55 Feudal Age
14:37 Town Watch
22:17 Castle Age
21:49 Scale Mail Armor
21:59 Forging
21:38 Horse Collar
22:12 Double-Bit Axe
22:33 Stone Mining
25:27 Heavy Plow
26:38 Arson
27:21 Squires
29:39 Chain Mail Armor
29:59 Iron Casting
32:08 Chieftains
32:25 Murder Holes
32:50 Ballistics
33:39 Bow Saw
34:10 Fishing Lines
36:49 Fletching
38:35 Town Patrol
44:18 Imperial Age
43:20 Bodkin Arrow
Offline
4:17 Loom
10:32 Feudal Age
13:53 Wheelbarrow
15:08 Double-Bit Axe
15:22 Gold Mining
15:25 Stone Mining
18:55 Castle Age
17:11 Scale Barding Armor
17:26 Forging
18:14 Bloodlines
20:12 Hand Cart
21:10 Chain Barding Armor
28:51 Husbandry
30:37 Iron Casting
34:41 Imperial Age
35:39 Plate Barding Armor
35:42 Cavalier
37:56 Savar
39:42 Blast Furnace
Connection lost

Rejoining the realm…

Still unreachable

The connection could not be restored.

Session expired

The server has moved on; the page needs a fresh start.